 Dungeon Crawl Stone Soup version 0.30-a0-371-gad7725a93e (webtiles) character file.

Game seed: 3867305923179235084

3161 IdlyInterested the Reanimator (level 9, 0/51 (68) HPs)
             Began as a Demonspawn Wanderer on Nov 21, 2022.
             Slain by a wight
             ... wielding a +0 scimitar
              (1 damage)
             ... on level 8 of the Dungeon.
             The game lasted 00:26:20 (8814 turns).

IdlyInterested the Reanimator (Demonspawn Wanderer) Turns: 8814, Time: 00:26:20

HP:   0/51 (68)     AC:  9    Str: 12    XL:     9   Next: 62%
MP:   24/24         EV: 12    Int: 18    God:
Gold: 552           SH:  0    Dex: 13    Spells: 12/16 levels left

rFire   . . .      SeeInvis .    y - +0 war axe (chaos)
rCold   + . .      Faith    .    (no shield)
rNeg    . . .      Spirit   .    i - +3 leather armour {rPois}
rPois   +          Reflect  .    I - +1 hat
rElec   .          Harm     .    E - +0 cloak {Stlth+}
rCorr   +          Rampage  .    (no gloves)
Will    .....                    b - +0 pair of boots
Stlth   ++........               (no amulet)
HPRegen 0.28/turn                p - ring of resist corrosion
MPRegen 0.19/turn                x - ring of magical power

@: confused, ambrosia-drunk, very heavily drained
A: large bone plates 1, demonic guardian 2, demonic touch 2, cold resistance 1,
MP-powered wands
a: no special abilities


You were on level 8 of the Dungeon.
You visited 2 branches of the dungeon, and saw 9 of its levels.

You collected 552 gold pieces.

Inventory:

Hand Weapons
 a - a +2 spear of freezing
 e - a +3 short sword of freezing
 g - a +0 dagger
 h - a +0 spear
 l - a +0 flail
 n - a +2 antimagic dagger
 v - a +0 dagger of electrocution
 y - a +0 war axe of chaos (weapon)
 B - a +4 mace
 G - a +1 short sword of speed
 H - a +0 scimitar
Missiles
 f - 61 stones (quivered)
 o - 4 boomerangs of dispersal
 w - 22 poisoned darts
 M - 4 atropa-tipped darts
 O - a curare-tipped dart
Armour
 b - a +0 pair of boots (worn)
 d - a +0 robe
 i - a +3 leather armour of poison resistance (worn)
 u - a +1 ring mail of fire resistance
 D - a +0 troll leather armour
 E - a +0 cloak of stealth (worn)
 I - a +1 hat (worn)
Jewellery
 p - a ring of resist corrosion (left hand)
 s - a ring of resist corrosion
 x - a ring of magical power (right hand)
Wands
 r - a wand of mindburst (35)
 C - a wand of roots (26)
Scrolls
 j - 3 scrolls of fear
 m - a scroll of enchant weapon
 L - 3 scrolls of amnesia
 N - a scroll of teleportation
Potions
 c - a potion of haste
 q - a potion of ambrosia
 t - 2 potions of might
 z - a potion of resistance
 A - 3 potions of attraction
 F - a potion of mutation
 J - a potion of curing
 K - a potion of brilliance


   Skills:
 - Level 5.0 Fighting
 + Level 5.3 Axes
 - Level 2.0 Throwing
 - Level 1.0 Armour
 * Level 3.8 Dodging
 - Level 2.4 Stealth
 - Level 5.0 Unarmed Combat
 - Level 4.0 Spellcasting
 * Level 8.3 Necromancy
 - Level 2.0 Evocations


You had 12 spell levels left.
You knew the following spells:

 Your Spells              Type           Power      Damage    Failure   Level
a - Kiss of Death         Conj/Necr      72%        2d10      3%          1
b - Vampiric Draining     Necr           33%        2d8       1%          3

Your spell library contained the following spells:

 Spells                   Type           Power      Damage    Failure   Level
 Necrotise                Necr           100%       1d9       1%          1
 Beastly Appendage        Tmut           6%         N/A       19%         1
 Slow                     Hex            12%        N/A       19%         1
 Wereblood                Tmut           3%         N/A       28%         2
 Confusing Touch          Hex            3%         N/A       50%         3
 Spider Form              Tmut/Pois      3%         N/A       50%         3


Dungeon Overview and Level Annotations

Branches:
Dungeon (8/15)             Temple (1/1) D:6
   Lair: D:8-11

Altars:
Ashenzari
Cheibriados
Dithmenos
Fedhas
Gozag
Hepliaklqana
Makhleb
Nemelex Xobeh
Okawaru
Qazlal
Ru
Sif Muna
Trog
Uskayaw
Vehumet
Wu Jian
Xom
Yredelemnul

Shops:
D:4 :


Innate Abilities, Weirdness & Mutations

You are partially covered in large bone plates. (SH +4)
A demonic guardian rushes to your aid.
Your touch may inflict irresistible damage on your foes.
Your flesh is cold resistant. (rC+)
You expend magic power (3 MP) to strengthen your wands.


Message History

You see here a +0 short sword.
There is a stone staircase leading down here.
You climb downwards.
The wight barely misses you.
There is a stone staircase leading up here.
Unknown command.
Unknown command.
Unknown command.
Unknown command.
You closely miss the wight. You hit the wight but do no damage.
The wight hits you with a +2 halberd!
You feel drained. The wight hits you with a +0 scimitar.
You slash the wight!
The wight is severely damaged.
You closely miss the wight. The wight closely misses you.
The wight hits you from afar with a +3 spear!
You feel drained. The wight hits you but does no damage.
You barely miss the wight.
The wight is severely damaged.
You barely miss the wight. The wight hits you with a +2 halberd!
You block the wight's attack. The wight closely misses you.
The wight hits you with a +2 halberd!
* * * LOW HITPOINT WARNING * * *
You feel drained.
* * * LOW HITPOINT WARNING * * *
A demonic guardian appears!
The wight hits you from afar with a +3 spear!
* * * LOW HITPOINT WARNING * * *
The wight completely misses you.
Your ice devil barely misses the wight.
You block the wight's attack.
It was a potion of magic.
Magic courses through your body.
Your ice devil hits the wight!
Your ice devil freezes the wight.
The wight resists.
The wight is destroyed!
The wight barely misses you. The wight closely misses you.
You are confused.
You feel invigorated.
Your ice devil barely misses the wight.
The wight hits you with a +0 scimitar.
* * * LOW HITPOINT WARNING * * *
A demonic guardian appears!
You feel drained.
You die...

.. .
##.
#..
#.#
#.#
#4#
#@#
#z#
#zz#
#..#4
#.#
#. #.
.. #.
.. .
..^ #
...


You could see 3 wights, a friendly hellwing (summoned) and a friendly ice devil
(summoned).

Vanquished Creatures
  Grinder (D:5)
  Sigmund (D:5)
  A wyvern (D:7)
  Eustachio (D:5)
  A warg (D:7)
  2 ice beasts (D:7)
  2 orc warriors
  4 ogres (D:5)
  A necrophage (D:4)
  2 scorpions
  6 wights
  The ghost of pigah the Ducker, a weakling OpWn (D:3)
  2 orc priests
  3 iguanas
  Jessica (D:2)
  4 orc wizards
  3 gnolls (D:2)
  6 adders
  A shadow imp (D:6)
  A worm (D:4)
  2 dart slugs
  23 orcs
  7 ball pythons
  2 bats (D:2)
  7 endoplasms
  3 giant cockroaches
  6 goblins
  3 hobgoblins
  3 quokkas
  2 frilled lizards
  19 kobolds
  3 rats
  A butterfly (D:6)
125 creatures vanquished.

Vanquished Creatures (collateral kills)
  A troll (D:5)
  A water moccasin (D:5)
  A black bear (D:5)
  2 kobold brigands
  2 wights
  A hound (D:4)
  A gnoll (D:2)
  A shadow imp (D:4)
  An ufetubus (D:4)
  A bat (D:2)
  A kobold (D:8)
13 creatures vanquished.

Grand Total: 138 creatures vanquished

Notes
Turn   | Place    | Note
-------+----------+-------------------------------------------
     0 | D:1      | IdlyInterested the Demonspawn Wanderer began the quest for
                  | the Orb.
     0 | D:1      | IdlyInterested set off with the following items: a +0 hand
                  | axe, a +0 pair of boots, a potion of haste, a +0 robe; and
                  | the following spells available to memorise: Necrotise, Kiss
                  | of Death, Vampiric Draining.
     0 | D:1      | Reached XP level 1. HP: 13/13 MP: 3/3
    84 | D:1      | Learned a level 1 spell: Kiss of Death
   657 | D:1      | Gained mutation: A weak demonic guardian rushes to your
                  | aid. [demonic ancestry]
   657 | D:1      | Reached XP level 2. HP: 5/20 MP: 5/5
  1254 | D:2      | Found a faded altar of an unknown god.
  1534 | D:2      | Reached XP level 3. HP: 22/25 MP: 6/6
  1661 | D:2      | Reached skill level 1 in Stealth
  1661 | D:2      | Reached skill level 4 in Necromancy
  1686 | D:2      | Reached XP level 4. HP: 19/28 MP: 5/7
  1794 | D:2      | Reached skill level 1 in Fighting
  1832 | D:2      | Noticed Jessica
  1842 | D:2      | Killed Jessica
  2872 | D:3      | Found a large runed translucent door.
  2873 | D:3      | Found a large runed translucent door.
  2879 | D:3      | Noticed pigah's ghost (weakling OpWn)
  2905 | D:3      | Killed pigah's ghost
  2906 | D:3      | Gained mutation: Your touch may inflict minor irresistible
                  | damage on your foes. [demonic ancestry]
  2906 | D:3      | Reached XP level 5. HP: 15/36 MP: 8/8
  3481 | D:4      | Found Pehoes's Self-Improvement Boutique.
  3566 | D:4      | Reached XP level 6. HP: 30/46 MP: 9/9
  3903 | D:4      | Reached skill level 5 in Necromancy
  3903 | D:4      | Reached skill level 1 in Evocations
  4345 | D:4      | Learned a level 3 spell: Vampiric Draining
  4346 | D:5      | Entered Level 5 of the Dungeon
  4420 | D:5      | Noticed Eustachio
  4466 | D:5      | Killed Eustachio
  4606 | D:5      | Noticed a water moccasin
  4620 | D:5      | Gained mutation: You are partially covered in large bone
                  | plates. (SH +4) [demonic ancestry]
  4620 | D:5      | Reached XP level 7. HP: 9/52 MP: 6/10
  4626 | D:5      | Reached skill level 5 in Axes
  4837 | D:5      | Noticed Grinder
  4850 | D:5      | Killed Grinder
  4851 | D:5      | Reached skill level 1 in Throwing
  4985 | D:5      | Reached skill level 5 in Fighting
  4985 | D:5      | Gained mutation: A demonic guardian rushes to your aid.
                  | [demonic ancestry]
  4985 | D:5      | Reached XP level 8. HP: 46/62 MP: 11/11
  4988 | D:5      | Reached skill level 6 in Necromancy
  5144 | D:5      | Noticed a troll
  5153 | D:5      | Killed a troll
  5154 | D:5      | Reached skill level 1 in Unarmed Combat
  5459 | D:5      | Found a radiant altar of Vehumet.
  5462 | D:5      | Noticed Sigmund
  5482 | D:5      | Killed Sigmund
  5641 | D:5      | Reached skill level 7 in Necromancy
  5792 | D:5      | Found an opulent altar of Gozag.
  6146 | D:6      | Gained mutation: Your touch may inflict irresistible damage
                  | on your foes. [demonic ancestry]
  6146 | D:6      | Reached XP level 9. HP: 68/68 MP: 14/14
  6666 | D:6      | Found a staircase to the Ecumenical Temple.
  6694 | Temple   | Entered the Ecumenical Temple
  7137 | D:6      | Found a shimmering altar of Xom.
  7196 | D:6      | Found a shimmering altar of Xom.
  7197 | D:6      | Found a shimmering altar of Xom.
  7340 | D:6      | Found a hide-covered altar of Uskayaw.
  7794 | D:7      | Found a snail-covered altar of Cheibriados.
  7932 | D:7      | Found a shimmering blue altar of Sif Muna.
  8305 | D:7      | Reached skill level 8 in Necromancy
  8497 | D:7      | Gained mutation: You expend magic power (3 MP) to
                  | strengthen your wands. [potion of mutation]
  8497 | D:7      | Gained mutation: Your flesh is cold resistant. (rC+)
                  | [potion of mutation]
  8647 | D:8      | Reached skill level 5 in Unarmed Combat
  8811 | D:8      | HP: 2/52 [wight/+3 spear (8)]
  8814 | D:8      | Slain by a wight

Illustrated notes

Levels and vault maps discovered:
D:1:      sevenhm_arrival_forest_fort_small_5, layout_basic,
          minmay_misc_feat_square
D:2:      layout_basic, hellmonk_ecumenical_altar_arch_garden, minmay_domino_2,
          uniq_jessica
D:3:      layout_basic, ebering_ghost_disaster_area,
          chequers_serial_rivers_micro_c
D:4:      layout_loops_ring, nicolae_shop_self_help
D:5:      layout_gridville, mainiacjoe_overflow_catch_the_wave, uniq_eustachio,
          uniq_sigmund, uniq_grinder
D:6:      layout_gridville, xom_redecorated, mainiacjoe_overflow_catwalk,
          minmay_temple_entry_butterflies
D:7:      layout_rooms, mainiacjoe_overflow_surrounded_room,
          nicolae_overflow_crystal_walls, kennysheep_potato
D:8:      layout_rooms, lair_entry_dummy, dreamdust_princess_bridge
Temple:   regret_index_temple_generic_petals

Skill      XL: |  1  2  3  4  5  6  7  8  9 |
---------------+----------------------------+-----
Axes           | 3 4 5 |  5.3
Stealth        | 1 2 |  2.4
Necromancy     | 4 5 7 8 |  8.3
Fighting       | 1 2 3 5 |  5.0
Evocations     | 1 2 |  2.0
Throwing       | 1 2 |  2.0
Dodging        | 2 3 |  3.8
Unarmed Combat | 3 5 |  5.0
Spellcasting   | 3 4 |  4.0
Armour         | |  1.0

Action                   |  1- 3 |  4- 6 |  7- 9 || total
-------------------------+-------+-------+-------++-------
Melee: Hand axe          |   109 |   123 |       ||   232
       Punch             |     3 |     2 |     3 ||     8
       Touch             |       |    16 |    42 ||    58
       War axe           |       |    39 |   171 ||   210
Throw: Stone             |     1 |    11 |     7 ||    19
 Cast: Kiss of Death     |     1 |     3 |     2 ||     6
       Vampiric Draining |       |     1 |     2 ||     3
  Use: Potion            |     2 |     2 |     7 ||    11
       Scroll            |     4 |     4 |     7 ||    15
 Stab: Distracted        |     1 |       |       ||     1
       Sleeping          |       |     3 |     3 ||     6
       Petrifying        |       |       |     1 ||     1
Armor: Leather armour    |    28 |   109 |    74 ||   211
       Robe              |     4 |       |       ||     4
Dodge: Dodged            |    61 |   144 |    94 ||   299
Block: Other             |       |       |    33 ||    33

Table legend: (Time is in decaauts)
 A = Elapsed time spent in this place.
 B = Non-inter-level travel time spent in this place.
 C = Inter-level travel time spent in this place.
 D = Time resting spent in this place.
 E = Time spent auto-exploring this place.
 F = Levels seen in this place.
 G = Mean time per level.
                   A        B        C        D        E       F      G
               +--------+--------+--------+--------+--------+-----+--------+
         Total |   8920 |   7699 |   1221 |   1425 |   4540 |   9 |  991.1 |
       Dungeon |   8638 |   7450 |   1188 |   1425 |   4302 |   8 | 1079.8 |
        Temple |    281 |    248 |     33 |      0 |    238 |   1 |  281.0 |
               +--------+--------+--------+--------+--------+-----+--------+

Top non-repeatable levels by time:
     D:5: 1954 daAuts
     D:1: 1366 daAuts
     D:2: 1319 daAuts
     D:6: 1078 daAuts
     D:4: 953 daAuts
     D:3: 878 daAuts
     D:7: 869 daAuts
  Temple: 281 daAuts
     D:8: 218 daAuts
